 Dungeon Crawl Stone Soup version 0.26.0-20-g3ca415f5b8 (webtiles) character file.

Game seed: 12261620193372339389

190 kreisler the Sneak (level 5, 0/36 HPs)
             Began as an Octopode Brigand on Jan 25, 2021.
             Was an Initiate of Fedhas.
             Slain by a hound (4 damage)
             ... on level 3 of the Dungeon.
             The game lasted 00:12:31 (2595 turns).

kreisler the Sneak (Octopode Brigand)               Turns: 2595, Time: 00:12:31

Health: 0/36       AC:  1    Str: 11    XL:     5   Next: 69%
Magic:  5/5        EV: 13    Int: 14    God:    Fedhas [......]
Gold:   77         SH:  0    Dex: 13    Spells: 4/4 levels left

rFire    . . .     SeeInvis .   a - +2 dagger
rCold    . . .     Faith    .   (no shield)
rNeg     . . .     Spirit   .   (helmet restricted)
rPois    .         Reflect  .   (no amulet)
rElec    .         Harm     .   (no ring)
rCorr    .         Rampage  .   (no ring)
Will     .....                  (no ring)
Stlth    +++++.....             (no ring)
HPRegen  0.12/turn              (no ring)
MPRegen  0.09/turn              (no ring)
                                (no ring)
                                (no ring)

@: about to teleport
A: almost no armour, stealthy swim, amphibious, 8 rings, constrict 8, camouflage
1, gelatinous body 1
a: Renounce Religion


You were on level 3 of the Dungeon.
You worshipped Fedhas.
Fedhas was noncommittal.
You visited 1 branch of the dungeon, and saw 3 of its levels.

You collected 77 gold pieces.

Inventory:

Hand Weapons
 a - a +2 dagger (weapon)
Missiles
 b - 21 poisoned darts (quivered)
 c - 2 curare-tipped darts
Armour
 d - a +0 cloak
Jewellery
 h - an uncursed amulet of the acrobat
 k - a +6 ring of strength {unknown}
Scrolls
 g - a scroll of identify
 i - a scroll of remove curse


   Skills:
 + Level 2.9 Fighting
 + Level 2.8 Short Blades
 + Level 2.6 Throwing
 + Level 1.8 Dodging
 + Level 7.5 Stealth


You had 4 spell levels left.
You didn't know any spells.
Your spell library was empty.

Dungeon Overview and Level Annotations

Branches:
Dungeon (3/15)

Altars:
Fedhas
Trog
Vehumet
Xom
Yredelemnul
Zin


Innate Abilities, Weirdness & Mutations

You cannot wear most types of armour.
You are very stealthy in the water. (Stealth+)
You are amphibious.
You can wear up to eight rings at the same time.
You can use your tentacles to constrict eight enemies at once.
Your skin changes colour to match your surroundings (Stealth+).
Your rubbery body absorbs attacks. (AC +1, EV +1)


Message History

The gnoll is heavily wounded.
The hound bites you.
* * * LOW HITPOINT WARNING * * *
The gnoll barely misses you. The hound bites you.
* * * LOW HITPOINT WARNING * * *
As you read the scroll of teleportation, it crumbles to dust.
You feel strangely unstable. The hound barely misses you.
The gnoll barely misses you.
You hit the gnoll. Your grab misses the gnoll. You squeeze the gnoll.
You kill the gnoll!
Fedhas accepts your kill. The hound completely misses you.
An orc comes into view. It is wielding a +0 trident.
The hound bites you.
* * * LOW HITPOINT WARNING * * *
You miss the hound. You grab the hound.
The hound is heavily wounded.
You constrict the hound. The hound bites you.
You die...
Fedhas appreciates your contribution to the ecosystem.

o# #.# ..### ....
#..##### #..#...
#+#+#P.#.#
#...'....#####
#)@h#P...#...#
#...#........#
#####........##
#...........#
#.#.##..#.#.#
#.#.##......#
#.#.###.#...#####
#......).........
###.###.#...#####


You could see a hound.

Vanquished Creatures
  A hound (D:3)
  Terence (D:2)
  5 gnolls
  2 adders (D:2)
  An ooze (D:2)
  2 worms (D:2)
  4 dart slugs (D:1)
  2 leopard geckos
  7 bats (D:1)
  2 giant cockroaches (D:2)
  6 goblins
  7 hobgoblins
  3 jackals (D:1)
  2 kobolds
  4 rats
49 creatures vanquished.

Notes
Turn   | Place    | Note
-------+----------+-------------------------------------------
     0 | D:1      | kreisler the Octopode Brigand began the quest for the Orb.
     0 | D:1      | Reached XP level 1. HP: 14/14 MP: 1/1
   188 | D:1      | Reached XP level 2. HP: 19/19 MP: 2/2
   298 | D:1      | Reached skill level 6 in Stealth
   464 | D:1      | Reached XP level 3. HP: 17/25 MP: 3/3
  1205 | D:2      | Found a bloodstained altar of Trog.
  1272 | D:2      | Reached XP level 4. HP: 30/30 MP: 4/4
  1353 | D:2      | Found a faded altar of an unknown god.
  1465 | D:2      | Found a shimmering altar of Xom.
  1465 | D:2      | Found a radiant altar of Vehumet.
  1468 | D:2      | Found a basalt altar of Yredelemnul.
  1470 | D:2      | Found a glowing silver altar of Zin.
  1471 | D:2      | Found a blossoming altar of Fedhas.
  1489 | D:2      | Became a worshipper of Fedhas Madash
  1565 | D:2      | Noticed Terence
  1706 | D:2      | Killed Terence
  1707 | D:2      | Reached skill level 7 in Stealth
  2038 | D:2      | Reached XP level 5. HP: 24/35 MP: 5/5
  2595 | D:3      | Slain by a hound

Illustrated notes

Levels and vault maps discovered:
D:1:      dpeg_arrival_arbitrary_c, layout_loops_ring, minmay_tetromino_t4
D:2:      layout_basic, minitemple, nicolae_overflow_crystal_walls,
          chequers_ecumenical_altar_simple, uniq_terence
D:3:      layout_loops_ring, cheibrodos_gnoll_hut, uniq_sigmund

Skill      XL: |  1  2  3  4 |
---------------+-------------+-----
Stealth        | 6 7 |  7.5
Fighting       | |  2.9
Short Blades   | |  2.8
Throwing       | |  2.6
Dodging        | |  1.8

Action                   |  1- 3 |  4- 6 || total
-------------------------+-------+-------++-------
Melee: Dagger            |    55 |    60 ||   115
       Constrict         |    11 |    13 ||    24
       Tentacles         |     3 |    14 ||    17
Throw: Dart              |       |    21 ||    21
  Use: Scroll            |     5 |     3 ||     8
       Potion            |     3 |     2 ||     5
 Stab: Sleeping          |    17 |     4 ||    21
Armor: Skin              |     1 |       ||     1
Dodge: Dodged            |    19 |    40 ||    59
